 Dungeon Crawl Stone Soup version 0.31-a0-981-geadf994542 (webtiles) character file.

Game seed: 3417885159375786488

42 p00ps00p the Trooper (level 3, 0/33 HPs)
             Began as a Hill Orc Fighter on Nov 1, 2023.
             Slain by Natasha (7 damage)
             ... on level 2 of the Dungeon.
             The game lasted 00:01:46 (1034 turns).

p00ps00p the Trooper (Hill Orc Fighter)             Turns: 1034, Time: 00:01:46

Health: 0/33       AC:  8    Str: 20    XL:     3   Next: 56%
Magic:  3/3        EV:  9    Int:  8    God:
Gold:   69         SH:  4    Dex: 10    Spells: 2/2 levels left

rFire   . . .        a - +0 war axe
rCold   . . .        c - +0 buckler
rNeg    . . .        b - +0 scale mail
rPois   .            (no helmet)
rElec   .            (no cloak)
rCorr   .            (no gloves)
SInv    .            e - +0 pair of boots
Will    .....        (no amulet) Stlth
                     (no ring)
HPRegen 0.25/turn    (no ring)
MPRegen 0.08/turn

%: no passive effects
@: mighty
A: no striking features
a: no special abilities


You were on level 2 of the Dungeon.
You visited 1 branch of the dungeon, and saw 2 of its levels.

You collected 69 gold pieces.

Inventory:

Hand Weapons
 a - a +0 war axe (weapon)
Missiles
 f - 5 atropa-tipped darts
Armour
 b - a +0 scale mail (worn)
 c - a +0 buckler (worn)
 e - a +0 pair of boots (worn)
Scrolls
 g - a scroll of identify
Potions
 h - a potion of enlightenment {unknown}
 i - a potion of brilliance {unknown}
 j - a potion of heal wounds {unknown}


   Skills:
 + Level 4.1 Fighting
 + Level 3.4 Axes
 + Level 3.8 Armour
 + Level 3.7 Shields


You had 2 spell levels left.
You didn't know any spells.
Your spell library contained the following spells:

 Spells                   Type           Power      Damage    Failure   Level
 Magic Dart               Conj           0%         1d3       83%         1
 Summon Small Mammal      Summ           0%         N/A       83%         1
 Searing Ray              Conj           0%         2d4       92%         2
 Call Canine Familiar     Summ           0%         N/A       99%         3
 Summon Guardian Golem    Hex/Summ       0%         N/A       99%         3
 Fulminant Prism          Conj/Hex       0%         3d5       100%        4
 Leda's Liquefaction      Hex/Erth       0%         N/A       100%        4
 Lee's Rapid Deconstruct  Erth           0%         3d4*      100%        5
 Bombard                  Conj/Erth      0%         9d1       100%        6


Dungeon Overview and Level Annotations

Branches:
Dungeon (2/15)

Altars:

Annotations:
D:2 Natasha, Sigmund


Message History

Sigmund barely misses you.
Natasha, Servant of Life and Death comes into view.
The frilled lizard bites you but does no damage.
Unknown command.
Natasha hisses angrily.
You slash the frilled lizard!
You kill the frilled lizard!
Sigmund casts a spell at you. The puff of flame hits you!
Unknown command.
Found a buckler.
Sigmund barely misses you.
Natasha mumbles some strange words.
You see here a frilled lizard corpse.
You hit Sigmund but do no damage.
The cerulean imp hits you but does no damage.
Sigmund barely misses you.
Unknown command.
You slash Sigmund!
Sigmund is moderately wounded.
You block the cerulean imp's attack. Sigmund barely misses you.
Unknown command.
You closely miss Sigmund.
Sigmund is moderately wounded.
You barely miss Natasha.
The cerulean imp hits you from afar with a +2 spear.
Natasha barely misses you.
The cerulean imp hits you but does no damage.
Sigmund hits you but does no damage. Natasha barely misses you.
You barely miss Sigmund.
Sigmund is moderately wounded.
You hit Natasha.
The cerulean imp hits you from afar with a +2 spear.
Natasha closely misses you. Sigmund hits you with a +0 scythe.
* * * LOW HITPOINT WARNING * * *
Unknown command.
You feel very mighty all of a sudden.
The cerulean imp hits you but does no damage.
Natasha claws you!
You die...
Natasha begins licking her fur clean.

..###. .. #.#.. ..
##### #.#.#.#
#...#####.#...#
#####...#.#...†.#.
....'...'.#'#.#...#
#####...#.....#.#.# #
###...#....##.###$.##.
#>....^....'..@@5.....
#.....#....##(#h....#.
##...##.#.....#.###.#
##.###......##[#
#.###......# .#
#..##......# .#
##..#......# .#
##........# .#
##..#+#### #


You could see Sigmund, Natasha and a cerulean imp (summoned).

Vanquished Creatures
  A worm (D:2)
  2 dart slugs (D:1)
  8 ball pythons
  2 bats (D:1)
  2 endoplasms (D:1)
  5 goblins
  2 hobgoblins (D:1)
  4 jackals (D:1)
  3 kobolds (D:1)
  2 frilled lizards
  A rat (D:1)
32 creatures vanquished.

Notes
Turn   | Place    | Note
-------+----------+-------------------------------------------
     0 | D:1      | p00ps00p the Hill Orc Fighter began the quest for the Orb.
     0 | D:1      | Reached XP level 1. HP: 19/19 MP: 1/1
    70 | D:1      | Reached XP level 2. HP: 27/27 MP: 2/2
   275 | D:1      | Reached skill level 4 in Fighting
   279 | D:1      | Reached XP level 3. HP: 32/33 MP: 3/3
  1017 | D:2      | Noticed Sigmund
  1027 | D:2      | Noticed Natasha
  1034 | D:2      | Slain by Natasha

Illustrated notes

Levels and vault maps discovered:
D:1:      dpeg_arrival_signposts, layout_basic
D:2:      minmay_angry_zag, layout_basic, uniq_sigmund, uniq_natasha

Skill      XL: |  1  2 |
---------------+-------+-----
Axes           | 3 |  3.4
Fighting       | 4 |  4.1
Armour         | |  3.8
Shields        | |  3.7

Action                     || total
---------------------------++-------
  Melee: War axe           ||    74
  Throw: Dart              ||     3
    Use: Scroll            ||     4
         Potion            ||     1
 Armour: Scale mail        ||    58
  Dodge: Dodged            ||    38
  Block: Buckler           ||    21

Table legend: (Time is in decaauts)
 A = Elapsed time spent in this place.
 B = Non-inter-level travel time spent in this place.
 C = Inter-level travel time spent in this place.
 D = Time resting spent in this place.
 E = Time spent auto-exploring this place.
 F = Levels seen in this place.
 G = Mean time per level.
                   A        B        C        D        E       F      G
               +--------+--------+--------+--------+--------+-----+--------+
         Total |   1062 |   1037 |     25 |      0 |    815 |   2 |  531.0 |
       Dungeon |   1062 |   1037 |     25 |      0 |    815 |   2 |  531.0 |
               +--------+--------+--------+--------+--------+-----+--------+

Top non-repeatable levels by time:
     D:1: 847 daAuts
     D:2: 214 daAuts
